 Dungeon Crawl Stone Soup version 0.28.0-1-gb440e238dd (webtiles) character file.

Game seed: 11507149417922888180

124158 snetch the Executioner (level 16, -4/151 HPs)
             Began as a Minotaur Berserker on Feb 18, 2022.
             Was a High Priest of Trog.
             Slain by a +3 trident of venom (17 damage)
             ... on level 2 of the Elven Halls on Feb 22, 2022.
             The game lasted 01:55:21 (24359 turns).

snetch the Executioner (Minotaur Berserker)        Turns: 24359, Time: 01:55:22

Health: -4/151     AC: 32    Str: 32    XL:     16   Next: 38%
Magic:  15/15      EV: 12    Int:  4    God:    Trog [*****.]
Gold:   2124       SH:  0    Dex: 11    Spells: 15/15 levels left

rFire   . . .      SeeInvis .   b - +5 executioner's axe (flame)
rCold   + . .      Faith    .   (shield currently unavailable)
rNeg    + . .      Spirit   .   g - +10 plate armour of the Arcane {Will+ Str+3}
rPois   .          Reflect  .   (helmet restricted)
rElec   +          Harm     .   x - +0 cloak
rCorr   .          Rampage  .   X - +2 pair of gloves
Will    ++++.                   (no boots)
Stlth   ..........              s - amulet "Cebraype" {rElec Regen+}
HPRegen 2.15/turn               P - ring of positive energy
MPRegen 0.14/turn               D - ring of protection from cold

@: strong-willed, regenerating
A: horns 2, retaliatory headbutt
a: Renounce Religion, Berserk, Trog's Hand, Brothers in Arms


You were on level 2 of the Elven Halls.
You worshipped Trog.
Trog was extremely pleased with you.
You visited 5 branches of the dungeon, and saw 27 of its levels.
You also visited: Bailey.

You collected 4382 gold pieces.
You spent 2258 gold pieces at shops.

Inventory:

Hand Weapons
 a - the +10 eveningstar "Cisk" {vorpal, Dex+4}
   (Trog gifted it to you on level 1 of the Elven Halls)

   It inflicts extra damage upon your enemies.
   Dex:       It affects your dexterity (+4).
 b - a +5 executioner's axe of flaming (weapon)
 c - the +2 longbow "Impslayer" {venom, rPois}
   (You found it on level 6 of the Lair of Beasts)

   Any ammunition fired from it poisons the flesh of those it strikes.
   rPois:     It protects you from poison.
 d - a +5 lajatang of flaming
Missiles
 l - 46 poisoned darts
 m - 4 throwing nets
 t - 841 stones
 u - 845 arrows
 G - 12 boomerangs (quivered)
 O - 3 silver javelins
 T - 5 boomerangs of dispersal
 Z - 3 silver boomerangs
Armour
 g - the +10 plate armour of the Arcane (worn) {Will+ Str+3}
   (You bought it in a shop on level 1 of the Elven Halls)

   Str:       It affects your strength (+3).
   Will:      It increases your willpower.
 x - a +0 cloak (worn)
 X - a +2 pair of gloves (worn)
Jewellery
 i - a ring of see invisible
 s - the amulet "Cebraype" (around neck) {rElec Regen+}
   (You bought it in a shop on level 2 of the Orcish Mines)

   [amulet of regeneration]

   rElec:     It insulates you from electricity.
   Regen:     It increases your rate of health regeneration.
 D - a ring of protection from cold (right hand)
 P - a ring of positive energy (left hand)
Wands
 j - a wand of iceblast (3)
 y - a wand of acid (14)
 H - a wand of paralysis (3)
 J - a wand of charming (5)
 K - a wand of digging (24)
 L - a wand of polymorph (14)
 S - a wand of flame (43)
Scrolls
 q - a scroll of enchant armour
 r - 2 scrolls of summoning
 z - 3 scrolls of immolation
 A - 7 scrolls of fear {unknown}
 B - 9 scrolls of teleportation
 C - 5 scrolls of fog
 F - 3 scrolls of magic mapping {unknown}
 M - a scroll of torment {unknown}
 N - 5 scrolls of blinking
 Q - 2 scrolls of silence
 Y - a scroll of vulnerability
Potions
 e - 6 potions of mutation
 f - 7 potions of might
 h - 5 potions of heal wounds
 k - 2 potions of cancellation
 o - 3 potions of haste
 p - 6 potions of flight
 v - a potion of ambrosia
 w - a potion of attraction
 E - a potion of resistance
 I - 6 potions of curing
 U - 5 potions of lignification
 V - 2 potions of invisibility
Miscellaneous
 R - a tin of tremorstones (1/2)


   Skills:
 + Level 16.3 Fighting
 + Level 21.3(21.4) Axes
 + Level 3.4(14.8) Maces & Flails
 + Level 5.4(5.9) Staves
 + Level 11.7 Throwing
 + Level 14.9 Armour
 + Level 10.1 Dodging
 + Level 2.3 Stealth
 + Level 0.4 Evocations


You had 15 spell levels left.
You didn't know any spells.
Your spell library contained the following spells:

 Spells                   Type           Power      Damage    Failure   Level
 Animate Skeleton         Necr           0%         N/A       95%         1
 Freeze                   Ice            0%         1d3       95%         1
 Pain                     Necr           0%         1d4       95%         1
 Sandblast                Erth           0%         2d4       95%         1
 Passwall                 Tmut/Erth      0%         N/A       99%         2
 Static Discharge         Conj/Air       0%         N/A       99%         2
 Frozen Ramparts          Ice            0%         1d2       100%        3
 Gell's Gravitas          Tloc           0%         N/A       100%        3
 Stone Arrow              Conj/Erth      0%         3d7       100%        3
 Teleport Other           Tloc           0%         N/A       100%        3
 Vampiric Draining        Necr           0%         2d6       100%        3
 Dispel Undead            Necr           0%         3d6       100%        4
 Hailstorm                Conj/Ice       0%         3d3       100%        4
 Passage of Golubria      Tloc           0%         N/A       100%        4
 Sticky Flame             Conj/Fire      0%         2d3       100%        4
 Iskenderun's Battlesphe  Conj           0%         2d6       100%        5
 Silence                  Hex/Air        0%         N/A       100%        5
 Dispersal                Tloc           0%         N/A       100%        6
 Iron Shot                Conj/Erth      0%         9d1       100%        6
 Spellforged Servitor     Conj/Summ      0%         N/A       100%        7
 Lehudib's Crystal Spear  Conj/Erth      0%         10d2      100%        8


Dungeon Overview and Level Annotations

Branches:
Dungeon (15/15)            Temple (1/1) D:4            Lair (6/6) D:8
 Shoals (0/4) Lair:4        Snake (0/4) Lair:4        Slime (0/5) Lair:5
    Orc (2/2) D:12            Elf (3/3) Orc:2        Vaults (0/5) D:13
 Depths (0/4) D:15         Bailey (visited)

Altars:
Ashenzari
Cheibriados
Dithmenos
Elyvilon
Fedhas
Gozag
Hepliaklqana
Kikubaaqudgha
Makhleb
Nemelex Xobeh
Okawaru
Qazlal
Ru
Sif Muna
Trog
Uskayaw
Vehumet
Wu Jian
Xom
Yredelemnul
Zin
The Shining One
Jiyva

Shops:
Orc:2 (*(=   Elf:1 =?*

Portals:
Abyss: Lair:6
Trove: Elf:1 (show abyssal rune of Zot)

Annotations:
Lair:6 2 transporters, mortz's ghost, journeyman HuFE
Elf:2 5 runed translucent doors


Innate Abilities, Weirdness & Mutations

You have a pair of horns on your head.
You reflexively headbutt those who attack you in melee.


Message History

The +3 trident of venom hits you but does no damage.
You are poisoned.
The +2 halberd of flaming hits you but does no damage.
Unknown command.
You feel sick.
The +3 trident of venom hits you but does no damage.
You are more poisoned.
The +2 halberd of flaming barely misses you.
Your ogre closely misses the +2 halberd of flaming.
The +3 trident of venom hits you from afar!
* * * LOW HITPOINT WARNING * * *
You are lethally poisoned!
You see here a +2 antimagic broad axe.
You feel better. The +2 halberd of flaming misses you.
The +3 trident of venom hits you but does no damage.
You are poisoned.
Your ogre hits the +2 halberd of flaming with a +0 giant club!!
The +2 halberd of flaming hits you from afar.
* * * LOW HITPOINT WARNING * * *
The +2 halberd of flaming burns you.
* * * LOW HITPOINT WARNING * * *
Throw: 12 boomerangs
Press: ? - help, Q - select action, (/) - cycle Shift-Dir - straight line, f - +2 halberd of flaming
Aim: a +2 halberd of flaming (severely damaged, ally target, 48% to hit)
You throw a boomerang.
The boomerang hits the +2 halberd of flaming!!
The +2 halberd of flaming falls from the air.
Trog accepts your kill.
You feel sick.
The +3 trident of venom hits you from afar!
* * * LOW HITPOINT WARNING * * *
You are more poisoned.
Your ogre barely misses the +3 trident of venom.
You feel very sick.
The +3 trident of venom hits you from afar.
* * * LOW HITPOINT WARNING * * *
You are lethally poisoned!
You feel better.
The +3 trident of venom hits you from afar!
You die...

####+#### #.......#
........ ....... ....... .
##...## #....# ..
###+++++#### ##...# ...
...........###...## ....
............#.....## .....
.....#..)..........#......
...#####........@)(O......
.....#.............)......
.##.....##....##...##...##
####...####..####.## .## #
##### #### ### #


You could see a +3 trident of venom (ally target) and a friendly ogre (summoned,
berserk).

Vanquished Creatures
  2 deep elf sorcerers
  2 orc warlords
  A deep elf elementalist (Elf:2)
  A deep elf annihilator (Elf:2)
  The ghost of SweetAndFullOfGrace the Severer, a journeyman MiBe of Trog (Orc:1)
  2 fire dragons
  Snorg (D:14)
  A deep elf high priest (Elf:1)
  Harold (Lair:1)
  8 hydras
  3 catoblepae (Lair:6)
  7 centaur warriors
  6 two-headed ogres
  A death knight (D:14)
  21 dancing weapons
  7 death yaks (Lair:6)
  An orc high priest (Elf:1)
  7 deep elf knights
  3 skeletal warriors (D:13)
  9 deep elf archers
  2 orc knights (Orc:2)
  2 wizards (Elf:1)
  Pikel (D:7)
  A necromancer (Lair:2)
  An orc sorcerer (Elf:1)
  19 deep elf pyromancers
  An oklob plant (Lair:3)
  20 deep elf zephyrmancers
  5 ugly things
  3 cyclopes
  5 manticores
  3 elephants (Lair:2)
  4 black mambas
  2 gargoyles (D:12)
  A torpor snail (Lair:4)
  12 cane toads
  2 rime drakes
  2 unseen horrors
  10 komodo dragons
  A redback zombie (D:13)
  A guardian mummy (D:13)
  2 efreet (D:13)
  2 trolls
  A troll (shapeshifter) (D:12)
  2 polar bears
  A hornet (D:8)
  Grinder (D:4)
  9 blink frogs
  5 slime creatures (D:15)
  3 dream sheep (Lair:4)
  3 wraiths
  Sigmund (D:4)
  2 air elementals (Elf:2)
  3 shadows
  3 fire elementals
  4 wyverns
  A water elemental (Elf:2)
  5 basilisks
  39 yaks
  A steam dragon (D:7)
  A basilisk (shapeshifter) (D:14)
  14 vampire mosquitoes
  2 acid dragons
  2 nagas (Lair:4)
  A warg (Orc:1)
  18 water moccasins
  A sky beast (D:6)
  35 orc warriors
  3 black bears
  5 ogres
  12 wolves
  A necrophage (D:6)
  A boggart (Elf:1)
  4 lemures (D:7)
  12 centaurs
  A kobold brigand (D:9)
  2 earth elementals
  13 bullfrogs
  A scorpion (D:7)
  A wyvern skeleton (D:7)
  6 killer bees (D:10)
  5 wights (D:7)
  An electric eel (Lair:4)
  3 howler monkeys
  4 centaur zombies
  Crazy Yiuf (D:3)
  5 hounds
  3 jellies
  A gnoll shaman (D:5)
  5 iguanas
  12 orc priests
  16 orc wizards
  Natasha (thrice) (D:2)
  3 hell rats (Lair:5)
  2 polar bear simulacra (Lair:2)
  5 yak simulacra (Lair:2)
  A wolf simulacrum (Lair:2)
  2 mummies (D:13)
  A howler monkey zombie (D:6)
  Robin (D:2)
  4 adders
  17 gnolls
  7 river rats (Lair:5)
  2 white imps
  2 ufetubi
  3 worms
  77 orcs
  2 ball pythons (D:1)
  2 bats
  5 endoplasms
  6 giant cockroaches
  15 goblins
  15 hobgoblins
  2 jackals (D:2)
  5 quokkas
  2 frilled lizards (D:3)
  26 kobolds
  10 rats
  3 river rat simulacra (Lair:2)
  A bush (Lair:3)
687 creatures vanquished.

Vanquished Creatures (collateral kills)
  An ettin (Orc:1)
  A hydra (D:11)
  3 two-headed ogres
  2 deep elf knights
  A deep elf pyromancer (Elf:1)
8 creatures vanquished.

Vanquished Creatures (others)
  A deep elf knight (Elf:3)
  51 fungi
  76 plants
  7 toadstools (D:1)
  A withered plant (D:13)
136 creatures vanquished.

Grand Total: 831 creatures vanquished

Notes
Turn   | Place    | Note
-------+----------+-------------------------------------------
     0 | D:1      | snetch the Minotaur Berserker began the quest for the Orb.
     0 | D:1      | Reached XP level 1. HP: 19/19 MP: 0/0
   298 | D:1      | Reached skill level 4 in Axes
   298 | D:1      | Reached XP level 2. HP: 27/27 MP: 1/1
   462 | D:1      | Found a faded altar of an unknown god.
   833 | D:2      | Reached XP level 3. HP: 29/33 MP: 2/2
   847 | D:2      | Noticed Robin
   854 | D:2      | Reached ** piety under Trog
   862 | D:2      | Killed Robin
   968 | D:3      | Reached XP level 4. HP: 40/40 MP: 3/3
  1024 | D:3      | Identified the +5 scale mail of Ror Riemn {rN+ Str-3 Int+4}
  1120 | D:2      | Reached skill level 1 in Throwing
  1223 | D:2      | Noticed Natasha
  1227 | D:2      | Killed Natasha
  1228 | D:2      | Reached skill level 5 in Axes
  1291 | D:2      | Noticed Natasha
  1305 | D:2      | Killed Natasha
  1465 | D:2      | Noticed Natasha
  1472 | D:2      | Killed Natasha
  1473 | D:2      | Reached XP level 5. HP: 43/47 MP: 4/4
  1578 | D:4      | Noticed Sigmund
  1592 | D:4      | Killed Sigmund
  1593 | D:4      | Reached skill level 6 in Axes
  1593 | D:4      | Reached XP level 6. HP: 43/53 MP: 5/5
  1894 | D:3      | Found a runed translucent door.
  1895 | D:3      | Noticed Crazy Yiuf
  1900 | D:3      | Killed Crazy Yiuf
  2427 | D:4      | Reached skill level 5 in Armour
  2523 | D:5      | Entered Level 5 of the Dungeon
  2622 | D:4      | Reached skill level 5 in Fighting
  2622 | D:4      | Reached XP level 7. HP: 61/61 MP: 6/6
  2728 | D:4      | Reached *** piety under Trog
  2954 | D:4      | Found a staircase to the Ecumenical Temple.
  2964 | Temple   | Entered the Ecumenical Temple
  3519 | D:4      | Upgraded the game from 0.28.0 to 0.28.0-1-gb440e238dd
  3566 | D:4      | Noticed Grinder
  3574 | D:4      | Killed Grinder
  3575 | D:4      | Reached skill level 7 in Axes
  3575 | D:4      | Reached skill level 1 in Staves
  3756 | D:6      | Reached XP level 8. HP: 69/69 MP: 7/7
  3946 | D:5      | Reached skill level 8 in Axes
  4124 | D:5      | Found a shadowy altar of Dithmenos.
  4544 | D:6      | Reached skill level 5 in Staves
  4945 | D:7      | Reached XP level 9. HP: 69/78 MP: 8/8
  5071 | D:7      | Reached skill level 9 in Axes
  5112 | D:7      | Noticed Pikel
  5131 | D:7      | Killed Pikel
  5215 | D:8      | Noticed a two-headed ogre
  5224 | D:8      | Killed a two-headed ogre
  5225 | D:8      | Reached skill level 10 in Axes
  5255 | D:8      | Reached skill level 11 in Axes
  5317 | D:8      | Paralysed by a hornet for 1 turns
  5381 | D:8      | Reached XP level 10. HP: 84/88 MP: 9/9
  5846 | D:9      | Found a flagged portal.
  5858 | Bailey   | Entered a bailey
  5890 | Bailey   | Reached **** piety under Trog
  5918 | Bailey   | Noticed an orc warlord
  6036 | Bailey   | Reached skill level 12 in Axes
  6037 | Bailey   | Found a runed translucent gate.
  6037 | Bailey   | Found a runed translucent gate.
  6037 | Bailey   | Found a runed translucent gate.
  6167 | Bailey   | Killed an orc warlord
  6314 | D:7      | Reached skill level 10 in Fighting
  6314 | D:7      | Reached skill level 10 in Armour
  6314 | D:7      | Reached XP level 11. HP: 99/99 MP: 10/10
  6340 | D:8      | Found a staircase to the Lair.
  6796 | D:9      | Noticed a two-headed ogre
  6802 | D:9      | Killed a two-headed ogre
  6809 | D:9      | Found the +4 dagger "Morg" {pain, Will+ Int+5}
  6948 | D:10     | Entered Level 10 of the Dungeon
  7030 | D:9      | Identified the +10 hunting sling "Ukeu" {flame, Fragile rF+
                  | Stlth+}
  7469 | D:10     | Reached skill level 13 in Axes
  7472 | D:10     | Reached skill level 5 in Throwing
  7935 | D:10     | Reached ***** piety under Trog
  8039 | D:11     | Reached XP level 12. HP: 107/107 MP: 11/11
  8323 | D:10     | Reached skill level 14 in Axes
  8635 | D:11     | Noticed a two-headed ogre
  8635 | D:11     | Noticed a seven-headed hydra
  8653 | D:11     | Killed a two-headed ogre
  8654 | D:11     | Killed a seven-headed hydra
  9528 | D:12     | Noticed a two-headed ogre
  9536 | D:12     | Killed a two-headed ogre
  9537 | D:12     | Reached skill level 15 in Axes
  9640 | D:12     | Found a staircase to the Orcish Mines.
  9943 | D:12     | Noticed a six-headed hydra
  9952 | D:12     | Killed a one-headed hydra
 10283 | D:13     | Noticed a centaur warrior
 10290 | D:13     | Killed a centaur warrior
 10371 | D:13     | Reached skill level 16 in Axes
 10378 | D:13     | Found a gate to the Vaults.
 10530 | D:13     | Reached XP level 13. HP: 81/118 MP: 12/12
 11016 | D:13     | Reached skill level 1 in Stealth
 11515 | D:14     | Noticed Snorg
 11524 | D:14     | Killed Snorg
 11700 | D:15     | Entered Level 15 of the Dungeon
 11977 | D:14     | HP: 4/119 [death knight (17)]
 12088 | D:15     | Reached skill level 17 in Axes
 12255 | D:14     | Identified the +7 short sword of Corporal Punishment
                  | {vorpal, Str+2}
 12866 | D:15     | Noticed a fire dragon
 12873 | D:15     | Noticed a fire dragon
 12889 | D:14     | Killed a fire dragon
 12958 | D:15     | Killed a fire dragon
 12983 | D:15     | Found a staircase to the Depths.
 13374 | D:15     | Received a gift from Trog
 13546 | D:15     | Found an ornate altar of the Wu Jian Council.
 13815 | Lair:1   | Entered Level 1 of the Lair of Beasts
 14306 | Lair:1   | Noticed Harold
 14307 | Lair:1   | Found a gate leading to a gauntlet.
 14313 | Lair:1   | Killed Harold
 14496 | Lair:2   | Reached XP level 14. HP: 94/129 MP: 13/13
 14497 | Lair:2   | Reached skill level 18 in Axes
 15338 | Lair:3   | Received a gift from Trog
 16690 | Lair:4   | Identified the +0 helmet of Kleptomania {Int+3}
 16947 | Lair:4   | Found a staircase to the Snake Pit.
 17076 | Lair:4   | Found a staircase to the Shoals.
 18040 | Lair:5   | Found a viscous altar of Jiyva.
 18041 | Lair:5   | Found a staircase to the Slime Pits.
 18460 | Lair:6   | Entered Level 6 of the Lair of Beasts
 18591 | Lair:6   | Found a transporter.
 18663 | Lair:5   | Reached skill level 10 in Dodging
 18697 | Lair:6   | Found a transporter.
 18715 | Lair:6   | Found the +8 demon trident "Rift" {distort, reach+}
 18753 | Lair:6   | Found a one-way gate to the infinite horrors of the Abyss.
 18756 | Lair:6   | Noticed mortz's ghost (journeyman HuFE)
 18936 | Lair:6   | Reached skill level 19 in Axes
 19125 | Lair:6   | Reached skill level 10 in Throwing
 19152 | Lair:6   | Identified the +2 longbow "Impslayer" {venom, rPois}
 19423 | Lair:6   | Received a gift from Trog
 19858 | Orc:1    | Entered Level 1 of the Orcish Mines
 19915 | Orc:2    | Entered Level 2 of the Orcish Mines
 19933 | Orc:2    | Found a staircase to the Elven Halls.
 20165 | Orc:2    | Reached XP level 15. HP: 133/139 MP: 14/14
 20206 | Orc:2    | Found a burning altar of Makhleb.
 20557 | Orc:2    | Noticed an orc warlord
 20582 | Orc:2    | Killed an orc warlord
 20733 | Orc:2    | Found Kyffaon's Assorted Antiques.
 20733 | Orc:2    | Found Suxorgh's Antique Weapon Emporium.
 20735 | Orc:2    | Found Gaunwevo's Jewellery Shoppe.
 20737 | Orc:2    | Found Haodas's Weapon Shop.
 20741 | Orc:2    | Bought a scroll of blinking for 142 gold pieces
 20741 | Orc:2    | Bought 2 potions of heal wounds for 190 gold pieces
 20741 | Orc:2    | Bought a potion of haste for 190 gold pieces
 20741 | Orc:2    | Bought a coppery potion for 17 gold pieces
 20741 | Orc:2    | Bought a pink potion for 17 gold pieces
 20741 | Orc:2    | Bought a scroll labelled QUYNOL ADEO for 19 gold pieces
 20744 | Orc:2    | Bought the amulet "Cebraype" {rElec Regen+} for 660 gold
                  | pieces
 20763 | Orc:2    | Bought a +2 vorpal executioner's axe for 324 gold pieces
 21227 | Orc:1    | Found a transporter.
 21229 | Orc:1    | Found a transporter.
 21230 | Orc:1    | Noticed SweetAndFullOfGrace's ghost (journeyman MiBe)
 21472 | Orc:1    | Received a gift from Trog
 21485 | Orc:1    | Killed SweetAndFullOfGrace's ghost
 21637 | Elf:1    | Entered Level 1 of the Elven Halls
 21652 | Elf:1    | Reached skill level 15 in Fighting
 21758 | Elf:1    | Noticed a deep elf sorcerer
 21765 | Elf:1    | Killed a deep elf sorcerer
 21991 | Elf:1    | Reached skill level 20 in Axes
 22537 | Elf:1    | Reached skill level 1 in Maces & Flails
 22799 | Elf:1    | Found a portal to a secret trove of treasure.
 22859 | Elf:1    | Found Cuuhief's Jewellery Shop.
 22861 | Elf:1    | Found Usuewner's Magic Scroll Boutique.
 22863 | Elf:1    | Found Zyskitri's Assorted Antiques.
 22869 | Elf:1    | Bought a scroll of teleportation for 54 gold pieces
 22869 | Elf:1    | Bought a scroll of identify for 36 gold pieces
 22876 | Elf:1    | Bought a scroll labelled QUYNOL ADEO for 21 gold pieces
 22876 | Elf:1    | Bought a pitted plate armour for 588 gold pieces
 22876 | Elf:1    | Identified the +10 plate armour of the Arcane {Will+ Str+3}
                  | (You bought it in a shop on level 1 of the Elven Halls)
 23382 | Elf:1    | Identified the +10 eveningstar "Cisk" {vorpal, Dex+4} (Trog
                  | gifted it to you on level 1 of the Elven Halls)
 23382 | Elf:1    | Received a gift from Trog
 23593 | Elf:2    | Reached XP level 16. HP: 123/151 MP: 15/15
 23823 | Elf:2    | Identified a scroll of acquirement
 23844 | Elf:2    | Acquired 1362 gold pieces
 23897 | Elf:2    | Reached skill level 21 in Axes
 24076 | Elf:3    | Entered Level 3 of the Elven Halls
 24295 | Elf:2    | Found a huge runed translucent gate.
 24296 | Elf:2    | Found a huge runed translucent gate.
 24297 | Elf:2    | Found a huge runed translucent gate.
 24298 | Elf:2    | Found a huge runed translucent gate.
 24299 | Elf:2    | Found a huge runed translucent gate.
 24347 | Elf:2    | Received a gift from Trog
 24358 | Elf:2    | HP: 7/151 [poisoned by a +3 trident of venom]
 24359 | Elf:2    | Slain by a +3 trident of venom

Illustrated notes

Levels and vault maps discovered:
D:1:      nagdon_arrival_double_spiral, layout_rooms,
          hellmonk_ecumenical_altar_inner_sanctum, roderic_roman_lattice,
          ebering_dispersal_statue_hall
D:2:      layout_loops_ring, serial_bayou_pond_d, uniq_robin, uniq_natasha
D:3:      layout_loops_ring, uniq_crazy_yiuf_cottage
D:4:      layout_basic, temple_doors_e, grunt_ministairs_9, uniq_grinder,
          uniq_sigmund
D:5:      layout_rooms, nicolae_dithmenos_the_darkroom, serial_glass,
          glass_columns_b, glass_columns_b
D:6:      layout_rooms
D:7:      layout_cave_pools, hangedman_decor_lopped, uniq_pikel
D:8:      layout_gridville, due_lair_maze_entry_diamond
D:9:      layout_stronghold, enter_bailey_3
D:10:     layout_stronghold, hangedman_decor_points
D:11:     layout_roguey, minmay_diced_spiral
D:12:     layout_roguey, hiddenorc2_lemuel, minmay_misc_feat_plants
D:13:     layout_long_grid, erik_vaults_1, serial_undead, serial_undead_c,
          serial_undead_c, serial_undead_c, serial_undead_a
D:14:     layout_loops_corners, uniq_snorg
D:15:     grunt_enter_depths_hoard, layout_basic,
          pdpol_wu_jian_five_deadly_venoms
Temple:   mainiacjoe_temple_starburst
Lair:1:   layout_cave_shapes, gauntlet_entry_generic, uniq_harold
Lair:2:   layout_chaotic_city, eino_house_with_fridge, grunt_megastairs_1
Lair:3:   layout_long_grid, lemuel_fruit_tree
Lair:4:   layout_roguey, elwin_shoals_entry_rocks, guppyfry_snake_entry_garden,
          serial_bayou_crossing
Lair:5:   layout_gridlike, slime_altar_1, kennysheep_abandoned_house
Lair:6:   evilmike_catoblepas_cave, layout_loops_ring,
          gammafunk_ghost_abyssal_escape, eino_small_chamber_without_monster
Orc:1:    layout_caves, gammafunk_ghost_smash
Orc:2:    st_orc_rangers, layout_caves, basic_altar
Elf:1:    layout_loops_corners, enter_trove_2, kennysheep_underground_church,
          hangedman_elf_disciples, minmay_shop_star
Elf:2:    elven_hall_of_blades_hangedman_alternative
          [nicolae_blade_entry_hurt_lockers], layout_geoelf_octagon,
          wad_dig_loot
Elf:3:    minmay_elf_hall_statues, layout_geoelf_octagon, corexii_checkpoint_b

Skill      XL: |  1  2  3  4  5  6  7  8  9 10 11 12 13 14 15 16 |
---------------+-------------------------------------------------+-----
Axes           | 4 5 6 7 8 11 12 13 16 17 19 20 21 | 21.3
Fighting       | 4 5 6 7 10 12 13 14 15 16 | 16.3
Throwing       | 1 2 3 4 5 7 10 11 | 11.7
Armour         | 3 4 5 7 8 10 11 12 13 14 | 14.9
Staves         | 1 5 |  5.4
Dodging        | 3 8 9 10 | 10.1
Stealth        | 1 2 |  2.3
Maces & Flails | 2 3 |  3.4
Evocations     | |  0.4

Action                   |  1- 3 |  4- 6 |  7- 9 | 10-12 | 13-15 | 16-18 || total
-------------------------+-------+-------+-------+-------+-------+-------++-------
Melee: Hand axe          |    69 |   102 |     9 |    11 |     2 |       ||   193
       Headbutt          |     7 |    15 |    34 |    66 |   174 |    17 ||   313
       Punch             |     1 |       |     2 |       |       |       ||     3
       Quarterstaff      |       |       |    67 |     4 |       |       ||    71
       War axe           |       |       |    57 |       |       |       ||    57
       Battleaxe         |       |       |    42 |   356 |   517 |       ||   915
       Scimitar          |       |       |       |       |    31 |       ||    31
       Executioner's axe |       |       |       |       |   178 |    72 ||   250
       Eveningstar       |       |       |       |       |    14 |    14 ||    28
       Great mace        |       |       |       |       |    13 |       ||    13
 Fire: Longbow           |       |       |       |       |     6 |       ||     6
Throw: Stone             |    45 |     5 |    20 |       |       |       ||    70
       Boomerang         |       |       |    11 |    50 |   514 |     8 ||   583
       Dart              |       |       |       |       |     9 |       ||     9
Invok: Berserk           |       |     5 |     6 |     6 |     7 |       ||    24
       Trog's Hand       |       |     1 |     3 |     1 |     7 |     3 ||    15
       Brothers in Arms  |       |       |       |     1 |     2 |     2 ||     5
Evoke: Tin of tremorston |       |       |       |     1 |       |     1 ||     2
       Wand              |       |       |       |       |       |     1 ||     1
  Use: Potion            |       |       |       |     1 |     1 |     4 ||     6
       Scroll            |       |       |       |    14 |    13 |     2 ||    29
 Stab: Petrified         |       |       |       |       |     9 |       ||     9
Armor: Animal skin       |    10 |       |       |       |       |       ||    10
       Chain mail        |    28 |    47 |     8 |       |    71 |       ||   154
       Leather armour    |     1 |       |       |       |       |       ||     1
       Scale mail        |       |       |    91 |   228 |   268 |       ||   587
       Fire dragon scale |       |       |       |       |     6 |       ||     6
       Plate armour      |       |       |       |       |    42 |    68 ||   110
Dodge: Dodged            |    43 |    39 |   131 |   222 |   447 |    42 ||   924
